 Dungeon Crawl Stone Soup version 0.29.0-4-gdea44cf6ec (webtiles) character file.

Game seed: 12882856208109366455

40 greasedhog the Cutter (level 3, -3/19 HPs)
             Began as a Tengu Wanderer on Aug 27, 2022.
             Killed from afar by Sigmund (11 damage)
             ... with a puff of flame
             ... on level 2 of the Dungeon.
             The game lasted 00:02:42 (2212 turns).

greasedhog the Cutter (Tengu Wanderer)              Turns: 2212, Time: 00:02:43

Health: -3/19      AC:  4    Str: 11    XL:     3   Next: 50%
Magic:  8/8        EV: 10    Int: 13    God:
Gold:   33         SH:  0    Dex: 15    Spells: 8/8 levels left

rFire   . . .      SeeInvis .   a - +2 short sword
rCold   . . .      Faith    .   (no shield)
rNeg    . . .      Spirit   .   p - +0 leather armour
rPois   .          Reflect  .   (helmet restricted)
rElec   .          Harm     .   (no cloak)
rCorr   .          Rampage  .   f - +0 pair of gloves
Will    .....                   (boots unavailable)
Stlth   +.........              (no amulet)
HPRegen 0.06/turn               (no ring)
MPRegen 0.11/turn               (no ring)

@: confused
A: beak, talons 3, horns 1
a: no special abilities


You were on level 2 of the Dungeon.
You visited 1 branch of the dungeon, and saw 2 of its levels.

You collected 33 gold pieces.

Inventory:

Hand Weapons
 a - a +2 short sword (weapon)
 b - a +0 dagger of holy wrath
 d - a +0 rapier
Missiles
 e - 3 throwing nets (quivered)
Armour
 f - a +0 pair of gloves (worn)
 p - a +0 leather armour (worn)
Scrolls
 c - a scroll of butterflies
 g - a scroll of blinking
 i - a scroll of amnesia
 j - a scroll of poison
 k - a scroll of fear
 n - a scroll of vulnerability
 o - a scroll of immolation {unknown}
 r - a scroll of identify
 s - a scroll of summoning {unknown}
Potions
 h - a potion of berserk rage {unknown}
 l - a potion of heal wounds {unknown}
 m - a potion of mutation
 q - a potion of haste {unknown}


   Skills:
 * Level 4.1 Short Blades
 - Level 1.1 Armour
 * Level 3.2 Stealth
 - Level 3.0 Spellcasting
 - Level 1.3 Air Magic


You had 8 spell levels left.
You didn't know any spells.
Your spell library contained the following spells:

 Spells                   Type           Power      Damage    Failure   Level
 Poisonous Vapours        Pois/Air       6%         N/A       34%         2
 Static Discharge         Conj/Air       3%         3-4/arc   34%         2


Dungeon Overview and Level Annotations

Branches:
Dungeon (2/15)

Altars:
Okawaru

Annotations:
D:2 Sigmund


Innate Abilities, Weirdness & Mutations

You have a beak for a mouth.
You have claws for feet.
You have a pair of small horns on your head.


Message History

You see here a +0 scale mail.
The helpless rat fails to defend itself.
You impale the rat!!
You kill the rat!
No target in view!
No target in view!
No target in view!
s - a scroll labelled HET SIYTEUMOU You see here a +0 scale mail.
Sigmund the Dreaded comes into view.
He is wielding a +0 scythe.
You see here 3 gold pieces.
Sigmund is nearby!
Sigmund is nearby!
Sigmund is nearby!
The helpless Sigmund fails to defend himself.
You impale Sigmund!! You peck Sigmund.
Sigmund is almost dead.
Sigmund casts a spell at you.
You are confused.
You bump into the rock wall.
Sigmund casts a spell at you.
You are more confused.
You bump into the rock wall.
Sigmund hits you with a +0 scythe.
You bump into the rock wall.
You bump into the rock wall.
Sigmund barely misses you.
You bump into the rock wall.
Sigmund gestures at you while chanting. The magic dart hits you!
Ouch! That really hurt!
Sigmund completely misses you.
You're too confused to move!
Sigmund casts a spell at you. You resist with significant effort.
You bump into the rock wall.
It was a potion of mutation.
You feel extremely strange. A pair of horns grows on your head!
Sigmund casts a spell at you. The puff of flame hits you!
Ouch! That really hurt!
You die...

.?...........#.._..#
.#...........#.....#
...[.........#.....#
#.......[.......####
...#####.......## .
#...$###..!.#
#.##....#.###
#..#.#.#####
#.@.........
###..########
#...@...# #####.#.#
#.# # #.. ####


You could see Sigmund.

Vanquished Creatures
  A worm (D:2)
  An orc (D:2)
  3 ball pythons
  3 bats (D:1)
  5 endoplasms
  A giant cockroach (D:1)
  2 goblins (D:1)
  A hobgoblin (D:1)
  2 jackals (D:1)
  2 quokkas
  A frilled lizard (D:1)
  3 kobolds
  8 rats
33 creatures vanquished.

Vanquished Creatures (others)
  3 fungi (D:2)
  6 plants (D:2)
9 creatures vanquished.

Grand Total: 42 creatures vanquished

Notes
Turn   | Place    | Note
-------+----------+-------------------------------------------
     0 | D:1      | greasedhog the Tengu Wanderer began the quest for the Orb.
     0 | D:1      | greasedhog set off with the following items: a +2 short
                  | sword, a +0 ring mail, a scroll of butterflies; and the
                  | following spells available to memorise: Poisonous Vapours,
                  | Static Discharge.
     0 | D:1      | Reached XP level 1. HP: 10/10 MP: 5/5
   450 | D:1      | Reached XP level 2. HP: 15/15 MP: 7/7
  1505 | D:1      | Reached XP level 3. HP: 18/19 MP: 8/8
  1697 | D:1      | Reached skill level 4 in Short Blades
  2169 | D:2      | Found an iron altar of Okawaru.
  2194 | D:2      | Noticed Sigmund
  2212 | D:2      | Gained mutation: You have a pair of small horns on your
                  | head. [potion of mutation]
  2212 | D:2      | Killed from afar by Sigmund

Illustrated notes

Levels and vault maps discovered:
D:1:      evilmike_arrival_plus, layout_basic, serial_forest,
          infiniplex_forest_end_3, infiniplex_forest_straight_3,
          infiniplex_forest_zigzag_1, infiniplex_forest_end_2,
          infiniplex_forest_side_room, infiniplex_forest_end_1,
          infiniplex_forest_clump_C, infiniplex_forest_lined_corner,
          infiniplex_forest_lined_corner
D:2:      layout_basic, basic_altar, dreamdust_ecumenical_altar_grove,
          uniq_sigmund

Skill      XL: |  1  2  3 |
---------------+----------+-----
Short Blades   | 4 |  4.1
Stealth        | 3 |  3.2
Armour         | |  1.1
Spellcasting   | |  3.0
Air Magic      | |  1.3

Action                   || total
-------------------------++-------
Melee: Short sword       ||    70
       Kick              ||    12
       Peck              ||     9
       Punch             ||     1
  Use: Scroll            ||     6
       Potion            ||     1
 Stab: Sleeping          ||     7
Armor: Ring mail         ||    26
       Leather armour    ||     1
Dodge: Dodged            ||    25
